 Dungeon Crawl Stone Soup version 0.23-a0-451-g1044d4cbad (webtiles) character file.

26 Hercules1031 the Ducker (level 2, 0/16 HPs)
             Began as a Spriggan Monk on Nov 23, 2018.
             Slain by a hobgoblin
             ... wielding a +0 club
              (2 damage)
             ... on level 1 of the Dungeon.
             The game lasted 00:04:59 (750 turns).

Hercules1031 the Ducker (Spriggan Monk)              Turns: 750, Time: 00:05:00

Health: 0/16       AC:  2    Str:  7    XL:     2   Next: 89%
Magic:  3/3        EV: 20    Int: 11    God:
Gold:   77         SH:  0    Dex: 18    Spells: 1/1 levels left

rFire    . . .     SeeInvis +   f - +1 dagger (pain)
rCold    . . .     Gourm    .   (shield restricted)
rNeg     . . .     Faith    .   b - +0 robe
rPois    .         Spirit   .   (helmet restricted)
rElec    .         Reflect  .   (no cloak)
rCorr    .         Harm     .   (gloves unavailable)
MR       .....                  (boots unavailable)
Stlth    +++.......             k - amulet of magic regeneration
HPRegen  0.05/turn              (no ring)
MPRegen  0.33/turn              (no ring)

@: very quick
A: very small, unfitting armour, see invisible, herbivore, speed 3, slow
metabolism 2
a: no special abilities


You were on level 1 of the Dungeon.
You were not hungry.

You visited 1 branch of the dungeon, and saw 2 of its levels.

You collected 77 gold pieces.

Inventory:

Hand Weapons
 a - a +0 short sword
 f - a +1 dagger of pain (weapon)
Armour
 b - a +0 robe (worn)
Jewellery
 k - an amulet of magic regeneration (around neck)
Scrolls
 e - a scroll of teleportation
 g - a scroll of immolation {unknown}
 h - a scroll of identify {unknown}
Potions
 d - a potion of curing {unknown}
 i - a potion of magic {unknown}
 j - a potion of lignification {unknown}
Comestibles
 c - 4 rations


   Skills:
 * Level 2.8 Fighting
 + Level 3.5 Short Blades
 + Level 4.8 Dodging
 + Level 3.6 Stealth


You had one spell level left.
You didn't know any spells.
Your spell library was empty.

Dungeon Overview and Level Annotations

Branches:
Dungeon (2/15)

Altars:


Innate Abilities, Weirdness & Mutations

You are very small and have problems with some larger weapons.
You are too small for most types of armour.
You have supernaturally acute eyesight. (SInv)
You are a herbivore.
You cover ground extremely quickly.
You need to consume almost no food.


Message History

The hobgoblin misses you. The bat barely misses you.
You see here a jackal corpse.
There is a stone staircase leading up here.
The bat hits you. The hobgoblin closely misses you.
The jackal bites you but does no damage.
You climb upwards.
There is a stone staircase leading down here.
You can't go up here!
You hit the hobgoblin but do no damage. The bat barely misses you.
The jackal closely misses you. The hobgoblin misses you.
You closely miss the hobgoblin. The bat misses you. The jackal bites you.
* * * LOW HITPOINT WARNING * * *
The hobgoblin hits you with a +0 club.
* * * LOW HITPOINT WARNING * * *
The jackal completely misses you.
You hit the hobgoblin.
The hobgoblin is severely wounded.
The bat misses you. x2; The jackal completely misses you.
The hobgoblin hits you with a +0 club.
You die...

#.........≈≈.......♣.≈≈..#.......
#.........≈...........≈..#.......
#.........≈..8.....♣..≈..#.......
..........≈≈....<.8..≈≈..#.......
......#....≈≈.......≈≈...#.......
......#.....≈≈.♣...≈≈....#.......
......#......≈≈≈≈≈≈≈....##.......
...#...........g.h.....###.......
##..[..#.##.....@b....## #.......
.............########## #.......
##.##..#.##..# ### ##############
#.##........###.###.....†.....#
#.....................##.####.#
####............##.......# #.#
#.......##..###.##.......####.#
###.............##.##......##.#
#.........######.##.........#


You could see a jackal, a hobgoblin and a bat.

Vanquished Creatures
  2 dart slugs
  2 leopard geckos (D:1)
  3 giant cockroaches (D:1)
  4 goblins (D:1)
  A hobgoblin (D:1)
  2 jackals (D:2)
  A bat (D:1)
  3 frilled lizards (D:1)
18 creatures vanquished.

Notes
Turn   | Place    | Note
-------+----------+-------------------------------------------
     0 | D:1      | Hercules1031 the Spriggan Monk began the quest for the Orb.
     0 | D:1      | Reached XP level 1. HP: 11/11 MP: 2/2
   120 | D:1      | Reached XP level 2. HP: 9/16 MP: 3/3
   750 | D:1      | Slain by a hobgoblin

Vault maps used:
D:1:      moated_graveyard_arrival
D:2:      nicolae_overflow_hidden_temple

Action                   || total
-------------------------++-------
Melee: Dagger            ||    62
       Short sword       ||     3
  Use: Scroll            ||     1
 Stab: Sleeping          ||     9
Armor: Robe              ||    12
Dodge: Dodged            ||    79

Table legend:
 A = Non-vault XP
 B = Vault XP
 C = Vault XP percentage of total XP
 D = Non-vault monster count
 E = Vault monster count
 F = Vault count percentage of total count
                 A         B        C        D         E       F
            +---------+---------+-------+---------+---------+-------
      Total |      38 |       0 |   0.0 |      18 |       0 |   0.0
            +---------+---------+-------+---------+---------+-------
        D:1 |      30 |       0 |   0.0 |      15 |       0 |   0.0
        D:2 |       8 |       0 |   0.0 |       3 |       0 |   0.0
            +---------+---------+-------+---------+---------+-------
